 Dungeon Crawl Stone Soup version 0.27.1 (webtiles) character file.

Game seed: 2014072018435103498

1858 pkoi the Grappler (level 8, 0/112 HPs)
             Began as a Troll Monk on Aug 27, 2021.
             Was a Priest of the Shining One.
             Slain by a sky beast (6 damage)
             ... on level 6 of the Dungeon.
             The game lasted 00:04:56 (3033 turns).

pkoi the Grappler (Troll Monk)                      Turns: 3033, Time: 00:04:57

Health: 0/112      AC: 24    Str: 22    XL:     8   Next: 89%
Magic:  7/8        EV:  1    Int:  6    God:    the Shining One [***...]
Gold:   280        SH:  5    Dex: 12    Spells: 7/7 levels left

rFire    . . .     SeeInvis .     - Unarmed
rCold    . . .     Faith    .   (no shield)
rNeg     + + +     Spirit   .   (armour currently unavailable)
rPois    +         Reflect  +   (helmet currently unavailable)
rElec    .         Harm     .   (cloak currently unavailable)
rCorr    .         Rampage  .   (gloves unavailable)
Will     .....     NoTele   +   (boots unavailable)
Stlth    +.........             m - amulet of reflection
HPRegen  1.28/turn              j - ring of poison resistance
MPRegen  0.11/turn              (no ring)

@: tree-form, glowing
A: stationary, stasis, torment immunity, boosted hp, large, unfitting armour,
(claws 3), regeneration 1, (shaggy fur 1), (tough skin 1)
a: Renounce Religion, Divine Shield


You were on level 6 of the Dungeon.
You worshipped the Shining One.
The Shining One was most pleased with you.
You were a tree.
You visited 1 branch of the dungeon, and saw 6 of its levels.

You collected 280 gold pieces.

Inventory:

Armour
 a - a +0 robe (melded)
Jewellery
 j - a ring of poison resistance (left branch)
 m - an amulet of reflection (around neck)
Wands
 p - a wand of polymorph (5)
Scrolls
 d - 3 scrolls of fog {unknown}
 e - 3 scrolls of magic mapping {unknown}
 f - 3 scrolls of identify
 g - a scroll of noise {unknown}
 h - a scroll of fear {unknown}
 k - 2 scrolls of immolation {unknown}
 o - a scroll of amnesia {unknown}
 q - a scroll of enchant weapon {unknown}
 r - a scroll of summoning {unknown}
Potions
 b - 3 potions of flight {unknown}
 c - a potion of berserk rage {unknown}
 i - 2 potions of lignification
 l - a potion of invisibility {unknown}
 n - a potion of might {unknown}


   Skills:
 + Level 3.1 Fighting
 + Level 3.1 Dodging
 - Level 1.0 Stealth
 + Level 11.0 Unarmed Combat
 + Level 1.8 Invocations


You had 7 spell levels left.
You didn't know any spells.
Your spell library contained the following spells:

 Spells                   Type           Power      Damage    Failure   Level
 Conjure Flame            Conj/Fire      0%         6-21      83%         3
 Ignite Poison            Fire/Tmut/Pois 0%         N/A       83%         3
 Sticky Flame             Conj/Fire      0%         2d3       99%         4


Dungeon Overview and Level Annotations

Branches:
Dungeon (6/15)
 Temple: D:4-7

Altars:
Ashenzari
Gozag
Hepliaklqana
Nemelex Xobeh
Sif Muna
Uskayaw
Yredelemnul
The Shining One

Shops:
D:6 [


Innate Abilities, Weirdness & Mutations

You are a tree.
Your roots penetrate the ground, keeping you stationary.
You cannot be teleported.
You are immune to unholy pain and torment.
Your maximum health is greatly increased.
Your equipment is partially melded.
You are too large for most types of armour.
((You have claws for hands.))
Your natural rate of healing is unusually fast.
((You are covered in fur. (AC +1)))
((You have tough skin. (AC +1)))


Message History

Maggie zaps a wand.
The puff of flame hits you.
Maggie zaps a wand.
The puff of flame hits you.
Maggie zaps a wand.
The puff of flame hits you.
Maggie points at you and mumbles some strange words.
The bolt of fire hits you!
You mangle Maggie!!
Maggie is moderately wounded.
Maggie hits you with a +0 vorpal halberd!
You scratch Maggie but do no damage.
Maggie is moderately wounded.
Maggie zaps a wand.
The puff of flame hits you!
* * * LOW HITPOINT WARNING * * *
You claw Maggie!
Maggie is heavily wounded.
The sky beast flickers out of sight for a moment.
Maggie gestures at you while chanting. The bolt of fire hits you!!
* * * LOW HITPOINT WARNING * * *
You claw Maggie!
Maggie is almost dead.
The sky beast hits you but does no damage.
You claw Maggie!
You kill Maggie!
The sky beast hits you.
* * * LOW HITPOINT WARNING * * *
The sky beast shocks you.
* * * LOW HITPOINT WARNING * * *
Your Fighting skill increases to level 3!
Your Dodging skill increases to level 3!
Your Unarmed Combat skill increases to level 11!
Your Invocations skill increases to level 1!
It was a potion of lignification.
You turn into a tree.
Your +0 robe melds into your body.
Your roots penetrate the ground.
The sky beast hits you but does no damage.
You pummel the sky beast!!
The sky beast is severely wounded.
The sky beast hits you.
* * * LOW HITPOINT WARNING * * *
The sky beast shocks you.
You die...

......###....#
...#...##...###
.. #..##...#
##..#...#
#.......#
...#..)..##
....#....##
......#.Y.##
......###♣.#
...Y.. #)...#
...... ...)..#
..... #.#....#
## #.....
#...## ####


You could see a sky beast (invisible).

Vanquished Creatures
  Maggie (D:6)
  2 water moccasins
  A sky beast (D:5)
  3 ogres
  2 centaurs
  A phantom (D:3)
  Blork the orc (D:6)
  A bullfrog (D:6)
  2 scorpions
  A centaur zombie (D:5)
  3 hounds
  A gnoll shaman (D:6)
  2 iguanas (D:5)
  2 orc wizards
  A hound skeleton (D:5)
  5 adders
  16 gnolls
  2 ufetubi
  2 dart slugs
  3 worms
  6 orcs
  2 bats
  7 endoplasms
  A giant cockroach (D:1)
  A goblin (D:2)
  5 hobgoblins
  8 jackals
  6 kobolds
  5 ball pythons
  3 frilled lizards
  7 rats
103 creatures vanquished.

Vanquished Creatures (others)
  3 withered plants (D:2)
3 creatures vanquished.

Grand Total: 106 creatures vanquished

Notes
Turn   | Place    | Note
-------+----------+-------------------------------------------
     0 | D:1      | pkoi the Troll Monk began the quest for the Orb.
     0 | D:1      | Reached XP level 1. HP: 22/22 MP: 0/0
   120 | D:1      | Reached XP level 2. HP: 29/29 MP: 1/1
   678 | D:2      | Reached skill level 4 in Unarmed Combat
   803 | D:2      | Reached XP level 3. HP: 33/36 MP: 2/2
   850 | D:2      | Found a faded altar of an unknown god.
   863 | D:2      | Reached XP level 4. HP: 29/44 MP: 3/3
   865 | D:2      | Reached skill level 5 in Unarmed Combat
   869 | D:2      | Became a worshipper of the Shining One
   869 | D:2      | Reached * piety under the Shining One
   869 | D:2      | Reached ** piety under the Shining One
  1084 | D:3      | Found a sparkling altar of Nemelex Xobeh.
  1122 | D:3      | Noticed an ogre
  1122 | D:3      | Reached *** piety under the Shining One
  1130 | D:3      | Killed an ogre
  1131 | D:3      | Reached skill level 6 in Unarmed Combat
  1131 | D:3      | Reached XP level 5. HP: 32/50 MP: 4/4
  1239 | D:3      | Found an opulent altar of Gozag.
  1342 | D:3      | Noticed a phantom
  1351 | D:3      | Killed a phantom
  1352 | D:3      | Reached XP level 6. HP: 40/59 MP: 5/5
  1599 | D:4      | Reached skill level 7 in Unarmed Combat
  1621 | D:4      | Found a basalt altar of Yredelemnul.
  1802 | D:4      | Found a hide-covered altar of Uskayaw.
  2112 | D:5      | Entered Level 5 of the Dungeon
  2126 | D:5      | Found a broken altar of Ashenzari.
  2164 | D:5      | Reached skill level 8 in Unarmed Combat
  2232 | D:5      | Reached XP level 7. HP: 66/66 MP: 6/6
  2305 | D:5      | Reached skill level 9 in Unarmed Combat
  2491 | D:5      | Reached XP level 8. HP: 70/74 MP: 7/7
  2575 | D:5      | Found a hazy altar of Hepliaklqana.
  2728 | D:5      | Found a shimmering blue altar of Sif Muna.
  2760 | D:6      | Found Vigeadd's Antique Armour Boutique.
  2790 | D:6      | Reached skill level 10 in Unarmed Combat
  2792 | D:6      | Noticed Blork the orc
  2869 | D:6      | Killed Blork the orc
  3017 | D:6      | Noticed Maggie
  3031 | D:6      | Killed Maggie
  3032 | D:6      | Reached skill level 11 in Unarmed Combat
  3032 | D:6      | Reached skill level 1 in Invocations
  3033 | D:6      | Slain by a sky beast

Illustrated notes

Levels and vault maps discovered:
D:1:      amcnicky_arrival_double_pillar, layout_basic
D:2:      layout_rooms, ebering_ecumenical_altar_petrified
D:3:      layout_rooms, mainiacjoe_overflow_small_starburst, pf_just_have_faith,
          st_stairs_5, kennysheep_another_room, serial_bayou_pond_d
D:4:      layout_gridville, yredelemnul_altar_generic,
          nicolae_uskayaw_murder_on_the_dancefloor, minmay_misc_feat_tower
D:5:      layout_cave_pools, lemuel_blue_sif_altar,
          mainiacjoe_overflow_chevrons, nicolae_overflow_hidden_temple
D:6:      layout_cave_pools, minmay_temple_entry_stoned_glass, serial_shops,
          shop, chequers_jeans, uniq_blork_the_orc, uniq_maggie, uniq_pikel

Skill      XL: |  1  2  3  4  5  6  7  8 |
---------------+-------------------------+-----
Unarmed Combat | 4 6 8 9 11 | 11.0
Fighting       | 3 |  3.1
Dodging        | 3 |  3.1
Invocations    | 1 |  1.8
Stealth        | |  1.0

Action                   |  1- 3 |  4- 6 |  7- 9 || total
-------------------------+-------+-------+-------++-------
Melee: Unarmed           |    61 |   107 |    86 ||   254
       Punch             |       |     2 |     5 ||     7
  Use: Scroll            |     1 |       |       ||     1
       Potion            |       |       |     1 ||     1
 Stab: Sleeping          |     3 |       |       ||     3
Armor: Robe              |    26 |    31 |    30 ||    87
       Skin              |       |       |     1 ||     1
Dodge: Dodged            |    36 |    48 |    38 ||   122
Block: Other             |       |     8 |    23 ||    31
       Reflection        |       |       |     2 ||     2
